 Dungeon Crawl Stone Soup version 0.26.0-45-g9c1d065592 (webtiles) character file.

Game seed: 5245075709979510768

182 H0rd4k the Insei (level 5, 0/33 HPs)
             Began as an Octopode Transmuter on Jan 28, 2021.
             Slain by a leopard gecko (5 damage)
             ... in a sewer.
             The game lasted 00:05:02 (3075 turns).

H0rd4k the Insei (Octopode Transmuter)              Turns: 3075, Time: 00:05:03

Health: 0/33       AC:  1    Str: 13    XL:     5   Next: 61%
Magic:  17/17      EV: 14    Int: 17    God:
Gold:   155        SH:  0    Dex: 14    Spells: 4/8 levels left

rFire    . . .     SeeInvis .     - Unarmed
rCold    . . .     Faith    .   (no shield)
rNeg     . . .     Spirit   .   (helmet restricted)
rPois    .         Reflect  .   (no amulet)
rElec    .         Harm     .   a - ring of flight
rCorr    .         Rampage  .   i - ring of magical power
Will     .....                  (no ring)
Stlth    +++.......             (no ring)
HPRegen  0.11/turn              (no ring)
MPRegen  0.15/turn              (no ring)
                                (no ring)
                                (no ring)

@: no status effects
A: almost no armour, stealthy swim, amphibious, 8 rings, constrict 8, camouflage
1, agile 1, strong 2, wild magic 1, gelatinous body 1
a: Evoke Flight


You were in a sewer.
You visited 1 branch of the dungeon, and saw 3 of its levels.
You also visited: Sewer.

You collected 155 gold pieces.

Inventory:

Jewellery
 a - a ring of flight (left tentacle)
 i - a ring of magical power (right tentacle)
Scrolls
 b - a scroll of random uselessness {unknown}
 c - a scroll of enchant weapon {unknown}
 e - a scroll of remove curse {unknown}
 f - 5 scrolls of identify {unknown}
 g - 2 scrolls of fog {unknown}
 h - 3 scrolls of immolation {unknown}
 n - a scroll of teleportation {unknown}
Potions
 d - 2 potions of might
 j - a potion of heal wounds
 k - a potion of flight {unknown}
 l - a potion of invisibility {unknown}
 m - a potion of haste {unknown}


   Skills:
 + Level 1.2 Fighting
 + Level 2.8 Dodging
 + Level 2.7 Stealth
 + Level 4.8 Unarmed Combat
 + Level 2.3 Spellcasting
 + Level 2.3 Transmutations


You had 4 spell levels left.
You knew the following spells:

 Your Spells              Type           Power        Failure   Level
a - Beastly Appendage     Tmut           26%          11%         1
b - Spider Form           Tmut/Pois      3%           43%         3

Your spell library contained the following spells:

 Spells                   Type           Power        Failure   Level
 Wereblood                Tmut           13%          16%         2
 Ice Form                 Ice/Tmut       7%           82%         4
 Blade Hands              Tmut           6%           93%         5


Dungeon Overview and Level Annotations

Branches:
Dungeon (3/15)              Sewer (1/1)

Altars:


Innate Abilities, Weirdness & Mutations

You cannot wear most types of armour.
You are very stealthy in the water. (Stealth+)
You are amphibious.
You can wear up to eight rings at the same time.
You can use your tentacles to constrict eight enemies at once.
Your skin changes colour to match your surroundings (Stealth+).
Your rubbery body absorbs attacks. (AC +1, EV +1)
You are agile. (Dex +2)
Your muscles are very strong. (Str +4)
Your spells are a little harder to cast, but a little more powerful.


Message History

Your tentacle spike disappears.
The bat barely misses you. The leopard gecko closely misses you.
You barely miss the leopard gecko. Your grab misses the leopard gecko.
The leopard gecko bites you but does no damage.
You tentacle-slap the leopard gecko. Your grab misses the leopard gecko.
The leopard gecko is lightly wounded.
The bat closely misses you. The leopard gecko closely misses you.
The leopard gecko completely misses you.
The leopard gecko bites you.
* * * LOW HITPOINT WARNING * * *
You miss the leopard gecko. You grab the leopard gecko.
The leopard gecko is lightly wounded.
You constrict the leopard gecko. The bat hits you but does no damage.
The leopard gecko bites you.
* * * LOW HITPOINT WARNING * * *
The leopard gecko misses you.
You tentacle-slap the leopard gecko.
You kill the leopard gecko!
The leopard gecko bites you.
You die...

#### ###∩.###
#..l...####.≈
#†@B.∩.....≈≈
#..b.......≈.
##.....##.###
##...## #
#####


You could see a leopard gecko, a giant cockroach and a bat.

Vanquished Creatures
  Natasha (D:3)
  7 adders
  2 oozes
  A worm (D:2)
  3 dart slugs
  3 leopard geckos
  An orc (D:3)
  A giant cockroach (D:1)
  7 hobgoblins
  7 jackals (D:2)
  2 quokkas
  A ball python (D:2)
  12 bats
  4 frilled lizards
  4 goblins
  13 kobolds
  10 rats
79 creatures vanquished.

Notes
Turn   | Place    | Note
-------+----------+-------------------------------------------
     0 | D:1      | H0rd4k the Octopode Transmuter began the quest for the Orb.
     0 | D:1      | Reached XP level 1. HP: 13/13 MP: 3/3
   127 | D:1      | Reached XP level 2. HP: 4/18 MP: 5/5
   580 | D:1      | Reached XP level 3. HP: 22/23 MP: 6/6
  1182 | D:2      | Reached skill level 1 in Stealth
  1505 | D:2      | Reached skill level 4 in Unarmed Combat
  1773 | D:2      | Reached XP level 4. HP: 16/28 MP: 5/7
  2092 | D:2      | Learned a level 3 spell: Spider Form
  2170 | D:2      | Gained mutation: Your muscles are strong. (Str +2) [potion
                  | of mutation]
  2170 | D:2      | Gained mutation: Your spells are a little harder to cast,
                  | but a little more powerful. [potion of mutation]
  2170 | D:2      | Gained mutation: You are agile. (Dex +2) [potion of
                  | mutation]
  2170 | D:2      | Gained mutation: Your muscles are very strong. (Str +4)
                  | [potion of mutation]
  2849 | D:3      | Reached XP level 5. HP: 23/33 MP: 8/8
  3012 | D:3      | Noticed Natasha
  3020 | D:3      | Killed Natasha
  3050 | D:3      | Found a glowing drain.
  3066 | Sewer    | Entered a sewer
  3075 | Sewer    | Slain by a leopard gecko

Illustrated notes

Levels and vault maps discovered:
D:1:      wheals_arrival_shading, layout_rooms
D:2:      layout_rooms
D:3:      layout_basic, portal_sewer_entry_d, minmay_circle_x, uniq_natasha
Sewer:    sewer_fruit_machine

Skill      XL: |  1  2  3  4 |
---------------+-------------+-----
Stealth        | 1 2 |  2.7
Unarmed Combat | 4 |  4.8
Fighting       | |  1.2
Dodging        | |  2.8
Spellcasting   | |  2.3
Transmutations | |  2.3

Action                   |  1- 3 |  4- 6 || total
-------------------------+-------+-------++-------
Melee: Unarmed           |   102 |    92 ||   194
       Constrict         |    28 |    23 ||    51
       Tentacles         |    16 |    10 ||    26
       Punch             |     5 |     3 ||     8
       Kick              |     2 |    11 ||    13
 Cast: Beastly Appendage |     1 |     8 ||     9
  Use: Potion            |       |     4 ||     4
 Stab: Sleeping          |     4 |     4 ||     8
       Distracted        |       |     1 ||     1
Armor: Skin              |    13 |    10 ||    23
Dodge: Dodged            |    97 |    69 ||   166
